 Dungeon Crawl Stone Soup version 0.29.1-12-g30fa7ad0bf (webtiles) character file.

Game seed: 6181192671811923335

35 javelincjr the Chopper (level 3, -3/33 HPs)
             Began as a Minotaur Berserker on Jan 14, 2023.
             Was a Follower of Trog.
             Slain by an orc
             ... wielding a +0 short sword
              (5 damage)
             ... on level 3 of the Dungeon.
             The game lasted 00:02:43 (1635 turns).

javelincjr the Chopper (Minotaur Berserker)         Turns: 1635, Time: 00:02:43

Health: -3/33      AC:  2    Str: 21    XL:     3   Next: 17%
Magic:  2/2        EV: 12    Int:  4    God:    Trog [*.....]
Gold:   87         SH:  0    Dex: 11    Spells: 2/2 levels left

rFire   . . .      SeeInvis .   a - +0 hand axe
rCold   . . .      Faith    .   (no shield)
rNeg    . . .      Spirit   .   b - +0 animal skin
rPois   .          Reflect  .   (helmet restricted)
rElec   .          Harm     .   (no cloak)
rCorr   .          Rampage  .   (no gloves)
Will    .....                   (no boots)
Stlth   +.........              (no amulet)
HPRegen 0.11/turn               (no ring)
MPRegen 0.08/turn               (no ring)

@: confused
A: horns 2, retaliatory headbutt
a: Renounce Religion, Berserk


You were on level 3 of the Dungeon.
You worshipped Trog.
Trog was aware of your devotion.
You visited 1 branch of the dungeon, and saw 4 of its levels.

You collected 87 gold pieces.

Inventory:

Hand Weapons
 a - a +0 hand axe (weapon)
Missiles
 e - 4 boomerangs (quivered)
 g - a throwing net
 k - 2 poisoned darts
Armour
 b - a +0 animal skin (worn)
Scrolls
 c - a scroll of blinking {unknown}
 f - a scroll of amnesia {unknown}
 i - 2 scrolls of teleportation {unknown}
 j - 3 scrolls of identify {unknown}
Potions
 d - a potion of berserk rage {unknown}
 h - a potion of curing {unknown}
 l - a potion of cancellation {unknown}
 m - a potion of magic {unknown}


   Skills:
 + Level 4.1 Fighting
 + Level 4.3 Axes
 + Level 2.5 Armour
 + Level 2.7 Dodging


You had 2 spell levels left.
You didn't know any spells.
Your spell library was empty.

Dungeon Overview and Level Annotations

Branches:
Dungeon (4/15)
 Temple: D:4-7

Altars:

Shops:
D:3 (


Innate Abilities, Weirdness & Mutations

You have a pair of horns on your head.
You reflexively headbutt those who attack you in melee.


Message History

The jackal is severely wounded.
You miss the bat. You hit the orc. You barely miss the orc.
The bat closely misses you. The bat hits you. The jackal barely misses you.
The orc misses you. The orc hits you with a +0 short sword.
The jackal closely misses you.
You hit the bat but do no damage. You hit the orc but do no damage.
You hit the orc. You hit the jackal. The bat barely misses you.
The bat completely misses you. The bat barely misses you.
The jackal barely misses you. The orc hits you with a +0 club.
The orc closely misses you.
You are too confused!
You are too confused!
You are too confused!
You are too confused!
You bump into the rock wall.
The bat closely misses you. The jackal barely misses you.
The bat hits you but does no damage. The orc hits you with a +0 short sword.
The orc barely misses you. The jackal barely misses you.
The bat closely misses you.
You barely miss the jackal.
The jackal is almost dead.
You hit the orc. You completely miss the bat. You closely miss the orc.
The bat closely misses you. The orc hits you but does no damage.
The orc hits you with a +0 club. The jackal completely misses you.
You closely miss the jackal.
The jackal is almost dead.
You hit the orc. You barely miss the orc wizard. You closely miss the orc.
The jackal bites you. The orc wizard closely misses you. The orc misses you.
The orc barely misses you. The jackal barely misses you.
You bump into the rock wall.
The orc wizard points at you and mumbles some strange words.
You resist with significant effort. The orc hits you with a +0 short sword.
The orc hits you with a +0 club.
* * * LOW HITPOINT WARNING * * *
The jackal bites you.
* * * LOW HITPOINT WARNING * * *
You bump into the rock wall.
The jackal barely misses you.
The orc wizard hits you with a +0 dagger.
* * * LOW HITPOINT WARNING * * *
The orc hits you with a +0 short sword.
You die...

#.## #.# #.#
#.# #†# #.#
##.## #.#
.....b####.#
#.ho@...#
......oho###
#.#..###...
#. ..#.# #
.#.#.# ..#.#
# .# #.. #.
...


You could see an orc wizard, 2 orcs, 2 jackals and a bat.

Vanquished Creatures
  An orc (D:4)
  2 ball pythons (D:1)
  2 endoplasms (D:1)
  2 giant cockroaches (D:1)
  4 goblins
  3 hobgoblins
  2 quokkas
  5 bats (D:1)
  A frilled lizard (D:3)
  6 kobolds
  3 rats
31 creatures vanquished.

Notes
Turn   | Place    | Note
-------+----------+-------------------------------------------
     0 | D:1      | javelincjr the Minotaur Berserker began the quest for the
                  | Orb.
     0 | D:1      | Reached XP level 1. HP: 19/19 MP: 0/0
   437 | D:1      | Reached XP level 2. HP: 24/27 MP: 1/1
  1359 | D:2      | You fall into a shaft and drop 2 floors!
  1377 | D:4      | Reached XP level 3. HP: 26/33 MP: 2/2
  1578 | D:3      | Found Lodweson's Antique Weapon Emporium.
  1635 | D:3      | Slain by an orc

Illustrated notes

Levels and vault maps discovered:
D:1:      evilmike_arrival_home_sweet_home, layout_basic, serial_park_tiny_pond
D:2:      layout_basic, minmay_pentomino_pile
D:3:      layout_basic, serial_shops, shop,
          shapermc_ecumenical_altar_mp_highgroup, uniq_sigmund, uniq_ijyb
D:4:      layout_gridville, mainiacjoe_overflow_surrounded_room,
          nicolae_stop_n_shop_1, minmay_manual_monolith

Skill      XL: |  1  2 |
---------------+-------+-----
Axes           | 4 |  4.3
Fighting       | 4 |  4.1
Armour         | |  2.5
Dodging        | |  2.7

Action                   || total
-------------------------++-------
Melee: Hand axe          ||    75
       Headbutt          ||    10
 Stab: Sleeping          ||     1
Armor: Animal skin       ||    19
Dodge: Dodged            ||    68
